 Dungeon Crawl Stone Soup version 0.27-a0-404-g4390dbc5be (webtiles) character file.

Game seed: 4701087126477493482

523131 CryoSword the Executioner (level 24, -1/346 HPs)
             Began as a Minotaur Monk on Feb 22, 2021.
             Was the Champion of Qazlal.
             Slain by an emperor scorpion (6 damage)
             ... summoned by a royal mummy
             ... on level 2 of the Crypt.
             The game lasted 02:10:46 (55804 turns).

CryoSword the Executioner (Minotaur Monk)          Turns: 55804, Time: 02:10:47

Health: -1/346     AC: 35    Str: 27    XL:     24   Next: 71%
Magic:  28/35      EV:  2    Int: 11    God:    Qazlal [******]
Gold:   1419       SH:  8    Dex: 24    Spells: 21/23 levels left

rFire    + . .     SeeInvis .   k - +9 executioner's axe (vorpal)
rCold    . . .     Faith    .   (shield currently unavailable)
rNeg     + + +     Spirit   .   (armour currently unavailable)
rPois    +         Reflect  .   (helmet currently unavailable)
rElec    .         Harm     .   (cloak currently unavailable)
rCorr    .         Rampage  .   (gloves currently unavailable)
Will     +....     NoTele   +   (boots currently unavailable)
Stlth    +.........             L - amulet of Efoeb {Acrobat rF+ Str+3 Int+4}
HPRegen  0.67/turn              q - ring of the Hare {EV+8}
MPRegen  0.24/turn              G - ring of Yrhy {rPois rN+ Dex+7, =R}

@: tree-form, protected from physical damage, slowed, repel missiles, very slow
A: (retaliatory headbutt), clumsy 1, strong 1
}: 2/15 runes: barnacled, gossamer
a: Renounce Religion, Upheaval, Elemental Force, Disaster Area


You were on level 2 of the Crypt.
You worshipped Qazlal.
Qazlal was exalted by your worship.
You were a tree.
You visited 10 branches of the dungeon, and saw 47 of its levels.
You also visited: Ossuary, Gauntlet, Ice Cave and Volcano.

You collected 5674 gold pieces.
You spent 4255 gold pieces at shops.

Inventory:

Hand Weapons
 a - a +9 vampiric battleaxe
   (You took it off Urug on level 10 of the Dungeon)
 b - the +3 arbalest "Ham Qoel" {vorpal, rElec}
   (You bought it in a shop on level 2 of the Orcish Mines)

   Any bolt fired from it inflicts extra damage.
   It insulates you from electricity.
 k - a +9 vorpal executioner's axe (weapon)
   (You acquired it on level 3 of the Shoals)
 s - the +6 triple crossbow "Ypantoys" {flame, rF+ Str+3 SInv}
   (You found it on level 3 of the Depths)

   It causes projectiles fired from it to burn those they strike, causing extra
   injury to most foes and up to half again as much damage against particularly
   susceptible opponents.
   It affects your strength (+3).
   It protects you from fire.
   It lets you see invisible.
Missiles
 d - 1628 bolts
 h - 29 boomerangs of dispersal (quivered) {!f}
 w - 12 poisoned darts
 K - 12 curare-tipped darts
 N - 15 throwing nets
Armour
 j - a +2 cloak of preservation (melded)
   (You found it on level 13 of the Dungeon)
 t - a +2 pair of boots of flying (melded)
   (You bought it in a shop on level 2 of the Orcish Mines)
 I - a +1 plate armour of willpower (melded)
   (You found it on level 4 of the Vaults)
 J - a +2 hat (melded)
   (You found it on level 3 of the Elven Halls)
 O - the +5 pair of gloves of the Crushed Emperors (melded) {rN+ Str+4}
   (You found it in a Gauntlet)

   It affects your strength (+4).
   It protects you from negative energy.
 S - +0 gold dragon scales
   (You found it on level 5 of the Depths)
Jewellery
 l - a ring of protection from fire
   (You found it on level 4 of the Shoals)
 q - the ring of the Hare (left branch) {EV+8}
   (You found it on level 3 of the Elven Halls)

   [ring of evasion]

   It affects your evasion (+8).
 G - the ring of Yrhy (right branch) {rPois rN+ Dex+7, =R}
   (You found it on level 1 of the Vaults)

   [ring of positive energy]

   It affects your dexterity (+7).
   It protects you from poison.
   It protects you from negative energy.
 H - the ring "Secusiaz" {rC+ rN+ Str+4}
   (You took it off an orc on level 5 of the Depths)

   [ring of protection from cold]

   It affects your strength (+4).
   It protects you from cold.
   It protects you from negative energy.
 L - the amulet of Efoeb (around neck) {Acrobat rF+ Str+3 Int+4}
   (You found it on level 10 of the Dungeon)

   [amulet of the acrobat]

   It helps you evade while moving and waiting.
   It affects your strength (+3).
   It affects your intelligence (+4).
   It protects you from fire.
 Y - a ring of see invisible
   (You took it off a yaktaur on level 5 of the Depths)
Wands
 e - a wand of digging (23)
   (You found it on level 10 of the Dungeon)
 M - a wand of acid (39)
   (You found it on level 10 of the Dungeon)
Scrolls
 f - 11 scrolls of fog
 u - 8 scrolls of immolation {!r}
 v - 11 scrolls of blinking
 y - 23 scrolls of identify {@r1}
 D - 16 scrolls of magic mapping
 E - 19 scrolls of teleportation {@r4}
 F - 6 scrolls of fear
 T - 2 scrolls of summoning
 V - 2 scrolls of brand weapon
 W - a scroll of amnesia
 X - 3 scrolls of enchant armour
Potions
 c - 4 potions of berserk rage
 i - 6 potions of haste {@q3}
 m - 23 potions of curing {@q1}
 n - 7 potions of lignification {!q}
 o - 8 potions of attraction {!q}
 p - 4 potions of heal wounds {@q2}
 r - 5 potions of resistance
 x - 5 potions of invisibility
 z - 5 potions of cancellation
 A - 3 potions of magic
 B - 7 potions of ambrosia
 C - 6 potions of might
 P - 7 potions of mutation {!q}
 Q - a potion of experience
Miscellaneous
 R - a phantom mirror
   (You found it on level 3 of the Elven Halls)


   Skills:
 + Level 21.9 Fighting
 * Level 22.7 Axes
 * Level 17.3 Crossbows
 + Level 17.7 Armour
 + Level 17.5 Dodging
 - Level 1.5 Stealth
 - Level 10.0 Transmutations
 + Level 19.9 Invocations


You had 21 spell levels left.
You knew the following spells:

 Your Spells              Type           Power        Failure   Level
a - Wereblood             Tmut           22%          1%          2

Your spell library contained the following spells:

 Spells                   Type           Power        Failure   Level
 Beastly Appendage        Tmut           44%          1%          1
 Sting                    Tmut/Pois      44%          4%          1
 Passwall                 Tmut/Erth      9%           7%          2
 Spider Form              Tmut/Pois      5%           14%         3
 Blade Hands              Tmut           11%          16%         5
 Ignite Poison            Fire/Tmut/Pois 7%           28%         3
 Animate Skeleton         Necr           0%           34%         1
 Apportation              Tloc           0%           34%         1
 Corona                   Hex            0%           34%         1
 Foxfire                  Conj/Fire      0%           34%         1
 Freeze                   Ice            0%           34%         1
 Magic Dart               Conj           0%           34%         1
 Pain                     Necr           0%           34%         1
 Sandblast                Erth           0%           34%         1
 Shock                    Conj/Air       0%           34%         1
 Summon Small Mammal      Summ           0%           34%         1
 Ice Form                 Ice/Tmut       11%          41%         4
 Petrify                  Tmut/Erth      11%          41%         4
 Blink                    Tloc           N/A          47%         2
 Call Imp                 Summ           0%           47%         2
 Corpse Rot               Necr/Air       N/A          47%         2
 Ensorcelled Hibernation  Hex/Ice        0%           47%         2
 Poisonous Vapours        Pois/Air       0%           47%         2
 Searing Ray              Conj           0%           47%         2
 Slow                     Hex            0%           47%         2
 Sublimation of Blood     Necr           0%           47%         2
 Swiftness                Air            0%           47%         2
 Hydra Form               Tmut           11%          65%         6
 Confusing Touch          Hex            0%           71%         3
 Conjure Flame            Conj/Fire      0%           71%         3
 Dazzling Flash           Conj/Hex       0%           71%         3
 Frozen Ramparts          Ice            0%           71%         3
 Gell's Gravitas          Tloc           0%           71%         3
 Inner Flame              Hex/Fire       0%           71%         3
 Mephitic Cloud           Conj/Pois/Air  0%           71%         3
 Ozocubu's Armour         Ice            0%           71%         3
 Portal Projectile        Hex/Tloc       0%           71%         3
 Static Discharge         Conj/Air       0%           71%         3
 Stone Arrow              Conj/Erth      0%           71%         3
 Tukima's Dance           Hex            0%           71%         3
 Vampiric Draining        Necr           0%           71%         3
 Yara's Violent Unravell  Hex/Tmut       5%           77%         5
 Airstrike                Air            0%           98%         4
 Animate Armour           Summ/Erth      0%           98%         4
 Animate Dead             Necr           0%           98%         4
 Cause Fear               Hex            0%           98%         4
 Dispel Undead            Necr           0%           98%         4
 Fulminant Prism          Conj/Hex       0%           98%         4
 Hailstorm                Conj/Ice       0%           98%         4
 Iskenderun's Mystic Bla  Conj/Tloc      0%           98%         4
 Leda's Liquefaction      Hex/Erth       0%           98%         4
 Manifold Assault         Tloc           0%           98%         4
 Olgreb's Toxic Radiance  Pois           0%           98%         4
 Passage of Golubria      Tloc           N/A          98%         4
 Sticky Flame             Conj/Fire      0%           98%         4
 Summon Ice Beast         Ice/Summ       0%           98%         4
 Summon Lightning Spire   Summ/Air       0%           98%         4
 Agony                    Necr           0%           100%        5
 Bolt of Magma            Conj/Fire/Erth 0%           100%        5
 Borgnjor's Vile Clutch   Necr/Erth      0%           100%        5
 Excruciating Wounds      Necr           0%           100%        5
 Fireball                 Conj/Fire      0%           100%        5
 Iskenderun's Battlesphe  Conj           0%           100%        5
 Lee's Rapid Deconstruct  Erth           0%           100%        5
 Lightning Bolt           Conj/Air       0%           100%        5
 Metabolic Englaciation   Hex/Ice        0%           100%        5
 Silence                  Hex/Air        0%           100%        5
 Summon Forest            Summ/Tloc      0%           100%        5
 Summon Mana Viper        Hex/Summ       0%           100%        5
 Conjure Ball Lightning   Conj/Air       0%           100%        6
 Death Channel            Necr           0%           100%        6
 Dispersal                Tloc           0%           100%        6
 Eringya's Noxious Bog    Tmut/Pois      5%           100%        6
 Iron Shot                Conj/Erth      0%           100%        6
 Shadow Creatures         Summ           N/A          100%        6
 Simulacrum               Ice/Necr       0%           100%        6
 Orb of Destruction       Conj           0%           100%        7
 Spellforged Servitor     Conj/Summ      0%           100%        7
 Summon Hydra             Summ           0%           100%        7
 Borgnjor's Revivificati  Necr           0%           100%        8
 Disjunction              Tloc           0%           100%        8
 Infestation              Necr           0%           100%        8
 Necromutation            Tmut/Necr      5%           100%        8
 Death's Door             Necr           0%           100%        9
 Tornado                  Air            0%           100%        9


Dungeon Overview and Level Annotations

Branches:
Dungeon (15/15)            Temple (1/1) D:6            Lair (6/6) D:10
 Shoals (4/4) Lair:3       Spider (4/4) Lair:2        Slime (0/5) Lair:6
    Orc (2/2) D:9             Elf (3/3) Orc:2        Vaults (5/5) D:13
  Crypt (2/3) Vaults:3     Depths (5/5) D:15            Zot (0/5) Depths:5
Ossuary (visited)           IceCv (visited)         Volcano (visited)
Gauntlet (visited)

Altars:
Ashenzari
Cheibriados
Dithmenos
Gozag
Nemelex Xobeh
Qazlal
Sif Muna
Trog
Wu Jian
Xom
Zin
The Shining One
Beogh
Jiyva

Shops:
D:8 =   Orc:2 ?([!([[=(   Elf:1 [   Depths:5 [?

Portals:
Hell: Depths:1 Depths:2 Depths:3 Depths:4 Depths:5
Abyss: Depths:4 Depths:5
Pandemonium: Depths:3
Ziggurat: Depths:3
Trove: D:12 (show slimy rune of Zot)

Annotations:
Elf:3 1 runed translucent door, Duemakk's ghost, adept GrEE


Innate Abilities, Weirdness & Mutations

((You reflexively headbutt those who attack you in melee.))
((You have a pair of horns on your head.))
((You have sharp toenails.))
((You are partially covered in yellow scales. (AC +2)))
You are clumsy. (Dex -2)
Your muscles are strong. (Str +2)


Message History

You hit the jiangshi.
The death scarab is engulfed in blazing flames.
The death scarab bites you!
* * * LOW HITPOINT WARNING * * *
The death scarab drains your vigour!
You feel yourself slow down. The death scarab bites you!
* * * LOW HITPOINT WARNING * * *
The death scarab drains your vigour!
You feel as though you will be slow longer.
The death scarab bites you but does no damage.
The royal mummy hits you but does no damage.
Okay, then.
You slice the royal mummy!! You closely miss the death scarab.
You slice the death scarab!! You slash the jiangshi!
The death scarab bites you!
* * * LOW HITPOINT WARNING * * *
The death scarab drains your vigour!
You feel as though you will be slow longer.
The death scarab bites you but does no damage.
The death scarab bites you!
* * * LOW HITPOINT WARNING * * *
The death scarab drains your vigour!
You feel as though you will be slow longer.
The death scarab bites you but does no damage.
The death scarab bites you!
* * * LOW HITPOINT WARNING * * *
The royal mummy gestures wildly while chanting.
The royal mummy hits you but does no damage.
The death scarab bites you but does no damage.
Okay, then.
Okay, then.
You feel much better. You block the death scarab's attack. x2
The death scarab bites you but does no damage. x2
The death scarab is engulfed in blazing flames.
The death scarab bites you but does no damage.
The death scarab barely misses you.
The jiangshi claws you but does no damage. x2
The death scarab bites you but does no damage.
The emperor scorpion stings you.
* * * LOW HITPOINT WARNING * * *
The emperor scorpion claws you but does no damage.
The emperor scorpion claws you!
* * * LOW HITPOINT WARNING * * *
You feel more protected from physical attacks.
The royal mummy hits you!
* * * LOW HITPOINT WARNING * * *
You feel more protected from physical attacks.
The death scarab bites you but does no damage.
The jiangshi claws you but does no damage. x2
You feel much better.
The death scarab bites you but does no damage.
The death scarab is engulfed in blazing flames.
The death scarab bites you but does no damage. x3
The death scarab is engulfed in blazing flames.
The death scarab barely misses you. The death scarab bites you!
* * * LOW HITPOINT WARNING * * *
The death scarab is engulfed in freezing vapours.
The death scarab bites you!
* * * LOW HITPOINT WARNING * * *
The death scarab drains your vigour!
You feel as though you will be slow longer.
The jiangshi claws you but does no damage.
The jiangshi barely misses you. You block the death scarab's attack.
The death scarab is engulfed in freezing vapours.
The emperor scorpion is engulfed in freezing vapours.
The emperor scorpion stings you but does no damage.
The emperor scorpion claws you but does no damage. x2
The royal mummy casts a spell.
The jiangshi claws you!
* * * LOW HITPOINT WARNING * * *
The jiangshi claws you but does no damage.
The death scarab is engulfed in blazing flames.
The death scarab bites you but does no damage.
The death scarab bites you.
* * * LOW HITPOINT WARNING * * *
The death scarab drains your vigour!
You feel as though you will be slow longer.
The death scarab is engulfed in freezing vapours.
The emperor scorpion is engulfed in freezing vapours.
The emperor scorpion is struck by lightning.
The emperor scorpion stings you but does no damage.
The emperor scorpion claws you.
* * * LOW HITPOINT WARNING * * *
The emperor scorpion claws you but does no damage.
The royal mummy points at you and mumbles some strange words.
Something smites you!
* * * LOW HITPOINT WARNING * * *
The death scarab bites you!
* * * LOW HITPOINT WARNING * * *
The jiangshi claws you but does no damage. x2
The death scarab is engulfed in blazing flames.
The death scarab bites you.
* * * LOW HITPOINT WARNING * * *
The death scarab drains your vigour!
You feel as though you will be slow longer.
The death scarab bites you but does no damage.
The death scarab bites you!
* * * LOW HITPOINT WARNING * * *
Okay, then.
Okay, then.
Okay, then.
Nature churns violently around you!
The blast of ice hits the emperor scorpion!!!
The emperor scorpion is flash-frozen.
The blast of ice hits the ancient champion!!
The ancient champion partially resists.
The ancient champion is flash-frozen.
The blast of ice hits the death scarab!!
The death scarab is flash-frozen.
The blast of ice hits the ancient champion!!
The ancient champion partially resists.
The blast of ice hits the emperor scorpion!
The cutting wind hits the royal mummy!!!
The cutting wind hits the death scarab!!
The cutting wind hits the emperor scorpion!!!
The blast of rubble hits the royal mummy!!
The blast of rubble hits the royal mummy!!!
The blast of rubble hits the death scarab!!!
You destroy the death scarab!
The death scarab's corpse disappears in a puff of smoke!
The blast of rubble hits the emperor scorpion!!
The cutting wind hits the emperor scorpion!!!
You kill the emperor scorpion!
The emperor scorpion's corpse disappears in a puff of smoke!
The cutting wind hits the death scarab!!!
You destroy the death scarab!
The death scarab's corpse disappears in a puff of smoke!
The cutting wind hits the royal mummy!!!
The cutting wind hits the death scarab!!!
You destroy the death scarab!
The death scarab's corpse disappears in a puff of smoke!
The blast of ice hits the ancient champion!!!
The ancient champion partially resists.
You destroy the ancient champion!
Qazlal accepts your kill.
The emperor scorpion is no longer encased in ice.
The death scarab bites you.
* * * LOW HITPOINT WARNING * * *
The death scarab drains your vigour!
You feel as though you will be slow longer.
The death scarab barely misses you.
The death scarab is engulfed in freezing vapours.
The death scarab bites you but does no damage.
The death scarab is engulfed in freezing vapours.
The death scarab bites you but does no damage.
You block the death scarab's attack. x2; The jiangshi barely misses you.
You block the jiangshi's attack.
The death scarab bites you but does no damage.
The emperor scorpion stings you.
You die...

.. ##.## #
.?##...##.#
.#..≈..#.#
..≈≈§≈§§ #..≈≈§#
#..≈###
§########○##§#
§§...§.Bs§§..#
.....)M♣BM...#
....sBVB.§...#####
##...#####.§.....#
#.. ###.#...# #...
#.#...# ####...##
#.#...# #.......
..#...# #. #...#
###...# ##.##...#
#...#


You could see 2 royal mummies, 2 emperor scorpions, a jiangshi and 4 death
scarabs.

Vanquished Creatures
  A dread lich (Depths:4)
  Mara (Depths:4)
  2 juggernauts (Depths:5)
  Xtahua (Vaults:2)
  2 caustic shrikes (Depths:5)
  3 golden dragons (Depths:5)
  Arachne (Spider:2)
  A tentacled monstrosity (Depths:3)
  4 liches
  2 deep elf master archers (Elf:3)
  5 deep elf blademasters
  Polyphemus (Shoals:2)
  2 krakens (Shoals:4)
  3 ancient champions
  3 sphinxes
  A shadow dragon (shapeshifter) (Depths:3)
  Kirke (Shoals:3)
  2 revenants (Crypt:2)
  7 tengu reavers
  Donald (Shoals:4)
  Ilsuiw (Shoals:2)
  4 fire giants
  2 storm dragons
  The ghost of TimeIsEndless the Protected, a journeyman DDFi of Ru (Shoals:1)
  3 draconian knights (Depths:5)
  10 deep elf sorcerers
  3 ghost moths (Spider:4)
  An iron dragon (Depths:5)
  8 emperor scorpions
  22 frost giants
  5 vault wardens
  An orc warlord (Orc:2)
  8 ironheart preservers
  A ghoul (Crypt:1)
  3 deep elf elementalists (Elf:3)
  A draconian annihilator (Depths:2)
  A spriggan defender (Depths:5)
  18 very ugly things
  The ghost of Lohifey the Nimble, a journeyman HaDe of Uskayaw (Lair:6)
  8 vampire knights
  4 deep elf demonologists
  7 deep elf annihilators
  17 stone giants
  3 entropy weavers
  8 spark wasps
  A minotaur (Gauntlet)
  The ghost of Leupn the Thaumaturge, a journeyman GnSk of Okawaru (Lair:3)
  A dire elephant (Lair:6)
  An entropy weaver (shapeshifter) (Elf:2)
  2 eidola (Crypt:2)
  11 merfolk javelineers
  9 merfolk impalers
  A blizzard demon (Depths:4)
  19 fire dragons
  14 ettins
  7 jiangshi
  Josephine (D:15)
  6 deep elf death magi
  3 deep elf high priests
  13 hydras
  5 great orbs of eyes
  15 ice dragons
  3 rakshasas
  7 ogre magi
  10 vault guards
  13 yaktaur captains
  5 merfolk avatars
  4 boulder beetles
  16 centaur warriors
  2 alligator snapping turtles (Shoals:4)
  5 catoblepae
  3 spriggan air magi
  5 satyrs
  5 merfolk aquamancers
  25 two-headed ogres
  9 deep troll shamans
  2 death knights
  A two-headed ogre (shapeshifter) (Depths:1)
  6 vampire magi
  6 death yaks
  6 deep troll earth magi
  30 dancing weapons
  4 orc high priests
  4 tengu warriors
  3 spriggan berserkers
  Urug (D:10)
  A storm dragon zombie (Crypt:2)
  28 hell knights
  18 deep elf knights
  20 skeletal warriors
  3 iron trolls (Depths:2)
  3 sixfirhies (Gauntlet)
  An unseen horror (D:15)
  2 shadow wraiths
  22 deep trolls
  The ghost of TimeIsEndless the Martial Artist, a novice OpBe of Trog (D:6)
  A bog body (Crypt:1)
  An orange crystal statue (Vaults:2)
  12 deep elf archers
  4 flayed ghosts
  An obsidian statue (Gauntlet)
  13 sea snakes
  4 glowing orange brains
  12 ironbrand convokers
  An iron giant skeleton (Crypt:1)
  8 wizards
  22 harpies
  23 deep elf pyromancers
  5 phantasmal warriors
  31 deep elf zephyrmancers
  13 necromancers
  Pikel (D:8)
  11 orc knights
  29 wolf spiders
  2 stone giant zombies (Vaults:2)
  27 ugly things
  A shining eye (shapeshifter) (Depths:1)
  4 moths of wrath
  18 orb spiders
  6 orc sorcerers
  23 slime creatures
  3 oklob plants (Lair:2)
  6 cyclopes
  25 fauns
  26 manticores
  2 elephants (Lair:6)
  2 salamanders (Volcano)
  A tengu skeleton (Vaults:3)
  5 ice statues
  19 merfolk sirens
  6 torpor snails
  16 vault sentinels
  8 water nymphs
  A gargoyle (D:14)
  A torpor snail (shapeshifter) (Vaults:3)
  8 black mambas
  2 orange demons (D:12)
  13 cane toads
  A hellion (Depths:3)
  5 spectral swamp worms (Depths:2)
  A black draconian zombie (Crypt:2)
  An emperor scorpion zombie (Crypt:1)
  3 minotaur zombies (Gauntlet)
  47 yaktaurs
  8 komodo dragons
  A kobold demonologist (D:12)
  2 human zombies (Vaults:3)
  An efreet (D:15)
  18 demonic crawlers
  7 tengu conjurers
  6 freezing wraiths
  8 red devils
  4 rime drakes
  A troll (shapeshifter) (Elf:3)
  A merfolk (shapeshifter) (Vaults:3)
  11 ice devils
  11 trolls
  2 meliai (shapeshifter)
  3 polar bears
  5 hellwings (Depths:3)
  A jumping spider (shapeshifter) (Depths:2)
  A moth of wrath zombie (Crypt:1)
  A wind drake (shapeshifter) (Depths:3)
  25 jumping spiders
  2 wind drakes
  4 blink frogs
  51 merfolk
  18 hornets
  A boulder beetle zombie (Vaults:2)
  A raiju (shapeshifter) (Vaults:3)
  A blink frog (shapeshifter) (Vaults:1)
  8 snapping turtles
  10 dream sheep
  A snapping turtle (shapeshifter) (Depths:5)
  72 redbacks
  2 spriggans (shapeshifter) (Vaults:3)
  A shadow (D:15)
  An air elemental (Elf:2)
  18 wraiths
  2 wyverns
  4 flying skulls (Crypt:2)
  14 water elementals
  25 tarantellas
  49 yaks
  5 spriggans (Lair:6)
  A human (D:13)
  5 basilisks
  A basilisk (shapeshifter) (Elf:3)
  5 fire bats
  5 hogs (Shoals:3)
  2 fire elementals
  3 vampire mosquitoes (D:14)
  A steam dragon (Lair:3)
  A two-headed ogre zombie (Crypt:2)
  A naga (shapeshifter) (Depths:5)
  3 acid dragons
  13 water moccasins
  A monstrous demonspawn zombie (Crypt:2)
  10 hell hounds
  3 wargs
  A floating eye (shapeshifter) (Depths:2)
  A water moccasin (shapeshifter) (Vaults:4)
  5 floating eyes
  Duvessa (D:6)
  An ettin simulacrum (Vaults:2)
  2 sky beasts
  2 hornet zombies
  40 orc warriors
  3 ice beasts
  4 necrophages
  A black bear (Lair:1)
  33 ogres
  21 wolves
  An eye of draining (shapeshifter) (Vaults:2)
  6 boggarts
  A swamp dragon skeleton (Crypt:1)
  A lemure (D:8)
  24 centaurs
  A phantom (D:6)
  2 kobold brigands
  A snapping turtle skeleton (Crypt:1)
  15 bullfrogs
  A gnoll sergeant (D:12)
  Dowan (D:6)
  An earth elemental (Elf:1)
  A wyvern skeleton (D:9)
  6 scorpions
  A troll zombie (Crypt:2)
  9 killer bees
  A human simulacrum (Vaults:2)
  21 wights
  2 electric eels
  2 howler monkeys (D:4)
  A crimson imp (Depths:3)
  4 centaur zombies
  2 draconian simulacra (IceCv)
  8 hounds
  21 orc priests
  A yaktaur simulacrum (Vaults:1)
  5 jellies
  6 centaur skeletons
  A bullfrog skeleton (D:7)
  6 iguanas
  23 orc wizards
  3 hell rats (Elf:1)
  6 worker ants
  A spriggan simulacrum (IceCv)
  A troll simulacrum (IceCv)
  A dwarf zombie (Crypt:1)
  A killer bee zombie (D:7)
  A centaur simulacrum (IceCv)
  A hound zombie (D:8)
  A hound skeleton (D:5)
  A mummy (Ossuary)
  12 gnolls
  13 adders
  4 naga simulacra (IceCv)
  An ogre simulacrum (IceCv)
  2 shadow imps (D:10)
  13 white imps
  4 ufetubi
  4 oozes
  An adder zombie (D:6)
  5 worms
  A barachi skeleton (Crypt:2)
  8 leopard geckos
  100 orcs
  6 giant cockroaches
  8 goblins
  10 hobgoblins
  21 jackals
  6 quokkas
  5 ball pythons
  4 bats
  5 frilled lizards
  4 gnoll skeletons (Ossuary)
  15 kobolds
  7 kobold skeletons (Ossuary)
  4 leopard gecko skeletons
  14 orc skeletons (Ossuary)
  A quokka zombie (D:7)
  5 rats
  8 briar patches (D:12)
  5 butterflies
  4 tentacles (Shoals:4)
2114 creatures vanquished.

Vanquished Creatures (collateral kills)
  A hydra (Lair:1)
1 creature vanquished.

Vanquished Creatures (others)
  A fire giant (Depths:4)
  A satyr (Shoals:3)
  A sea snake (Shoals:4)
  A deep elf archer (Vaults:3)
  2 wizards (Depths:4)
  A harpy (Shoals:2)
  A faun (Shoals:3)
  2 merfolk (Shoals:3)
  A water elemental (Elf:3)
  A centaur (Depths:3)
  An orc (Vaults:1)
  A kobold (D:12)
  3 briar patches (D:12)
  21 fungi
  78 plants
  13 tentacles (Shoals:4)
  5 toadstools (Depths:4)
134 creatures vanquished.

Grand Total: 2249 creatures vanquished

Notes
Turn   | Place    | Note
-------+----------+-------------------------------------------
     0 | D:1      | CryoSword the Minotaur Monk began the quest for the Orb.
     0 | D:1      | Reached XP level 1. HP: 19/19 MP: 0/0
   130 | D:1      | Reached skill level 4 in Axes
   139 | D:1      | Reached XP level 2. HP: 18/27 MP: 1/1
   951 | D:2      | Reached XP level 3. HP: 33/33 MP: 2/2
  1436 | D:2      | Reached skill level 5 in Axes
  2099 | D:3      | Reached XP level 4. HP: 12/41 MP: 3/3
  2726 | D:3      | Reached XP level 5. HP: 47/47 MP: 4/4
  2897 | D:3      | Reached skill level 5 in Fighting
  2897 | D:3      | Reached skill level 6 in Axes
  4117 | D:4      | Reached XP level 6. HP: 54/56 MP: 5/5
  4177 | D:4      | Reached skill level 7 in Axes
  4428 | D:4      | Found a broken altar of Ashenzari.
  4900 | D:5      | Entered Level 5 of the Dungeon
  5027 | D:5      | Found a glowing golden altar of the Shining One.
  5159 | D:5      | Reached XP level 7. HP: 44/62 MP: 6/6
  5364 | D:5      | Reached skill level 5 in Dodging
  5857 | D:5      | Reached skill level 8 in Axes
  6053 | D:6      | Reached XP level 8. HP: 49/71 MP: 7/7
  6059 | D:6      | Reached skill level 9 in Axes
  6090 | D:6      | Found a sand-covered staircase.
  6208 | Ossuary  | Entered an ossuary
  6628 | D:6      | Noticed Duvessa
  6630 | D:6      | Noticed Dowan
  6651 | D:6      | Killed Duvessa
  6652 | D:6      | Reached skill level 10 in Axes
  6656 | D:6      | Killed Dowan
  7038 | D:6      | Found a runed translucent door.
  7089 | D:6      | Found a staircase to the Ecumenical Temple.
  7098 | Temple   | Entered the Ecumenical Temple
  7110 | Temple   | Became a worshipper of Qazlal Stormbringer
  7110 | Temple   | Reached * piety under Qazlal
  7110 | Temple   | Reached ** piety under Qazlal
  7123 | D:6      | Noticed a two-headed ogre
  7140 | D:6      | Killed a two-headed ogre
  7141 | D:6      | Reached skill level 11 in Axes
  7141 | D:6      | Reached XP level 9. HP: 77/82 MP: 8/8
  7146 | D:6      | Found a snail-covered altar of Cheibriados.
  7474 | D:6      | Noticed TimeIsEndless's ghost (novice OpBe)
  7527 | D:6      | Killed TimeIsEndless's ghost
  7835 | D:7      | Paralysed by a hornet for 3 turns
  7841 | D:7      | Reached skill level 12 in Axes
  8348 | D:7      | Reached XP level 10. HP: 90/91 MP: 9/9
  8911 | D:8      | Got a shimmering buckler
  8917 | D:8      | Identified the +0 buckler of the Circus Animal {Str-5 Dex+4
                  | Stlth+} (You found it on level 8 of the Dungeon)
  8949 | D:8      | Reached *** piety under Qazlal
  9264 | D:8      | Reached skill level 1 in Invocations
  9275 | D:8      | Reached skill level 10 in Fighting
  9275 | D:8      | Reached skill level 13 in Axes
  9495 | D:8      | Noticed Pikel
  9497 | D:8      | Noticed a two-headed ogre
  9600 | D:7      | Killed a two-headed ogre
  9615 | D:8      | Killed Pikel
  9977 | D:8      | Found Xaogh's Jewellery Shop.
 10038 | D:8      | Found a glowing golden altar of the Shining One.
 10038 | D:8      | Found a shimmering altar of Xom.
 10039 | D:8      | Found a shimmering blue altar of Sif Muna.
 10230 | D:9      | Reached XP level 11. HP: 91/101 MP: 13/13
 10287 | D:9      | Reached skill level 5 in Invocations
 10363 | D:9      | Reached **** piety under Qazlal
 10610 | D:9      | Noticed a two-headed ogre
 10904 | D:9      | Killed a two-headed ogre
 11182 | D:9      | Found a staircase to the Orcish Mines.
 11309 | D:9      | You fall into a shaft and drop 1 floor!
 11309 | D:10     | Entered Level 10 of the Dungeon
 11535 | D:10     | Got a transparent ruby amulet
 11987 | D:10     | Noticed Urug
 12009 | D:10     | Killed Urug
 12010 | D:10     | Reached skill level 10 in Dodging
 12449 | D:10     | Found a staircase to the Lair.
 12943 | D:11     | Found a sparkling altar of Nemelex Xobeh.
 12971 | D:11     | Noticed a purple ugly thing
 12979 | D:11     | Killed a purple ugly thing
 13008 | D:11     | Noticed a purple ugly thing
 13010 | D:11     | Reached skill level 14 in Axes
 13024 | D:11     | Killed a purple ugly thing
 13856 | D:12     | Noticed a red ugly thing
 13863 | D:12     | Killed a red ugly thing
 13891 | D:12     | Reached XP level 12. HP: 76/111 MP: 17/17
 14050 | D:12     | Found a transporter.
 14088 | D:12     | Found a portal to a secret trove of treasure.
 14212 | D:12     | Noticed an eight-headed hydra
 14230 | D:12     | Killed an eight-headed hydra
 14327 | D:12     | Found Zyjuy's Antique Weapon Boutique.
 14528 | D:12     | Found a transporter.
 14679 | D:13     | Noticed a centaur warrior
 14681 | D:13     | Killed a centaur warrior
 14767 | D:13     | Noticed a catoblepas
 14775 | D:13     | Killed a catoblepas
 14902 | D:13     | Noticed a two-headed ogre
 14904 | D:13     | Noticed a centaur warrior
 14908 | D:13     | Killed a two-headed ogre
 14912 | D:13     | Killed a centaur warrior
 14995 | D:13     | Noticed a centaur warrior
 15004 | D:13     | Killed a centaur warrior
 15066 | D:13     | Noticed a tengu reaver
 15067 | D:13     | Noticed a deep troll earth mage
 15099 | D:13     | Killed a tengu reaver
 15387 | D:13     | Noticed a storm dragon
 15699 | D:13     | Killed a storm dragon
 15700 | D:13     | Reached skill level 10 in Invocations
 16063 | D:13     | Killed a deep troll earth mage
 16064 | D:13     | Reached skill level 15 in Axes
 16238 | D:13     | Identified the amulet of Efoeb {Acrobat rF+ Str+3 Int+4}
                  | (You found it on level 10 of the Dungeon)
 16357 | D:13     | Noticed a vault guard
 16362 | D:13     | Reached skill level 1 in Armour
 16412 | D:13     | Noticed a vault guard
 16414 | D:13     | Noticed a vault guard
 16428 | D:13     | Killed a vault guard
 16429 | D:13     | Reached XP level 13. HP: 95/119 MP: 19/19
 16430 | D:13     | Found a gate to the Vaults.
 17282 | Lair:1   | Entered Level 1 of the Lair of Beasts
 18083 | Lair:2   | Found a hole to the Spider Nest.
 18116 | Lair:2   | Reached skill level 16 in Axes
 18161 | Lair:2   | Learned a level 2 spell: Wereblood
 18794 | Lair:3   | Found a dark tunnel.
 18804 | Volcano  | Entered a volcano
 18826 | Volcano  | Reached ***** piety under Qazlal
 18827 | Volcano  | Reached skill level 5 in Armour
 18829 | Volcano  | Reached skill level 1 in Transmutations
 19379 | Lair:3   | Found a transporter.
 19379 | Lair:3   | Noticed Leupn's ghost (journeyman GnSk)
 19385 | Lair:3   | Found a transporter.
 19506 | Lair:3   | Found a staircase to the Shoals.
 20341 | Lair:4   | Reached XP level 14. HP: 130/130 MP: 21/21
 20432 | Lair:4   | Found a frozen archway.
 20459 | IceCv    | Entered an ice cave
 20846 | Lair:4   | Reached skill level 17 in Axes
 22118 | D:12     | Paralysed by a Zot trap for 5 turns
 22123 | D:12     | Gained mutation: Scrolls take you a little longer to read.
                  | [mutagenic glow]
 22127 | D:12     | Paralysed by a Zot trap for 3 turns
 22139 | D:12     | Gained mutation: Your magical capacity is low. (-10% MP)
                  | [mutagenic glow]
 22152 | D:12     | Gained mutation: You are clumsy. (Dex -2) [mutagenic glow]
 22165 | D:12     | Gained mutation: Your spells are a little easier to cast,
                  | but a little less powerful. [mutagenic glow]
 22198 | D:12     | Gained mutation: Potions are less effective at restoring
                  | your health. [mutagenic glow]
 22255 | D:12     | Lost mutation: Your spells are a little easier to cast, but
                  | a little less powerful. [potion of mutation]
 22255 | D:12     | Lost mutation: Scrolls take you a little longer to read.
                  | [potion of mutation]
 22255 | D:12     | Gained mutation: Scrolls take you a little longer to read.
                  | [potion of mutation]
 22255 | D:12     | Lost mutation: You are clumsy. (Dex -2) [potion of
                  | mutation]
 22255 | D:12     | Gained mutation: Your flesh is cold resistant. (rC+)
                  | [potion of mutation]
 22256 | D:12     | Lost mutation: Scrolls take you a little longer to read.
                  | [potion of mutation]
 22256 | D:12     | Lost mutation: Your magical capacity is low. (-10% MP)
                  | [potion of mutation]
 22256 | D:12     | Lost mutation: Your flesh is cold resistant. (rC+) [potion
                  | of mutation]
 22256 | D:12     | Lost mutation: Potions are less effective at restoring your
                  | health. [potion of mutation]
 22256 | D:12     | Gained mutation: You have sharp toenails. [potion of
                  | mutation]
 22256 | D:12     | Gained mutation: You are partially covered in yellow
                  | scales. (AC +2) [potion of mutation]
 22256 | D:12     | Gained mutation: You are clumsy. (Dex -2) [potion of
                  | mutation]
 22256 | D:12     | Gained mutation: Your muscles are strong. (Str +2) [potion
                  | of mutation]
 22611 | Lair:5   | Found a snail-covered altar of Cheibriados.
 23027 | Lair:6   | Entered Level 6 of the Lair of Beasts
 23154 | Lair:6   | Noticed Lohifey's ghost (journeyman HaDe)
 23165 | Lair:6   | Found a runed translucent door.
 23173 | Lair:6   | Identified the +7 spear of Xeogiqas {flame, *Noise rElec
                  | Dex+8}
 23174 | Lair:6   | Found a bloodstained altar of Trog.
 23174 | Lair:6   | Identified the +6 trident "Okie" {antimagic, rElec rC+}
 23177 | Lair:6   | Found a viscous altar of Jiyva.
 23178 | Lair:6   | Found a staircase to the Slime Pits.
 23182 | Lair:6   | Found a transporter.
 23185 | Lair:6   | Found a transporter.
 23474 | Lair:6   | Reached ****** piety under Qazlal
 24505 | Lair:6   | Killed Lohifey's ghost
 24697 | Lair:3   | Reached skill level 18 in Axes
 24701 | Lair:3   | Reached XP level 15. HP: 128/139 MP: 9/23
 24716 | Lair:3   | Killed Leupn's ghost
 24973 | Orc:1    | Entered Level 1 of the Orcish Mines
 25283 | Orc:2    | Entered Level 2 of the Orcish Mines
 25283 | Orc:2    | Found Fiaquyl's Magic Scroll Boutique.
 25291 | Orc:2    | Bought a scroll of enchant weapon for 105 gold pieces
 25291 | Orc:2    | Bought a scroll of identify for 28 gold pieces
 25291 | Orc:2    | Bought a scroll of identify for 28 gold pieces
 25291 | Orc:2    | Bought a scroll of random uselessness for 14 gold pieces
 25448 | Orc:2    | Found a roughly hewn altar of Beogh.
 25492 | Orc:2    | Noticed an orc warlord
 25514 | Orc:2    | Killed an orc warlord
 25595 | Orc:2    | Found Neoppos's Antique Armour Emporium.
 25714 | Orc:2    | Found Jiahadag's Weapon Boutique.
 25750 | Orc:2    | Reached skill level 5 in Transmutations
 25760 | Orc:2    | Found a roughly hewn altar of Beogh.
 25770 | Orc:2    | Found a staircase to the Elven Halls.
 25808 | Orc:2    | Found a roughly hewn altar of Beogh.
 25823 | Orc:2    | Found Fifanack's Jewellery Shoppe.
 25834 | Orc:2    | Found Moufun's Antique Armour Shoppe.
 25914 | Orc:2    | Found Soto's Antique Weapon Shoppe.
 25915 | Orc:2    | Found a roughly hewn altar of Beogh.
 25923 | Orc:2    | Bought an ancient scale mail for 270 gold pieces
 25923 | Orc:2    | Bought a pair of embroidered boots for 225 gold pieces
 25945 | Orc:2    | Identified the +3 scale mail of Lifelessness {rF- rCorr
                  | Slay+2} (You bought it in a shop on level 2 of the Orcish
                  | Mines)
 25962 | Orc:2    | Bought a triple crossbow for 290 gold pieces
 26109 | Orc:2    | Found a roughly hewn altar of Beogh.
 26166 | Orc:2    | Found a roughly hewn altar of Beogh.
 26177 | Orc:2    | Found Peisod's Antique Armour Boutique.
 26185 | Orc:2    | Bought a slimy plate armour for 700 gold pieces
 26195 | Orc:2    | Identified the +0 plate armour of Repulsion {Int+6} (You
                  | bought it in a shop on level 2 of the Orcish Mines)
 26301 | Orc:2    | Found Yzion's Distillery.
 26311 | Orc:2    | Bought a potion of cancellation for 88 gold pieces
 26311 | Orc:2    | Bought a potion of resistance for 110 gold pieces
 26358 | Orc:2    | Found a roughly hewn altar of Beogh.
 26361 | Orc:2    | Found Fealo's Antique Weapon Shoppe.
 27239 | D:15     | Entered Level 15 of the Dungeon
 27324 | D:15     | Reached skill level 15 in Fighting
 27335 | D:15     | Found a shadowy altar of Dithmenos.
 27349 | D:15     | Noticed Josephine
 27362 | D:15     | Killed Josephine
 27430 | D:15     | Paralysed by an orc sorcerer for 7 turns
 27531 | D:15     | Found a gate leading to a gauntlet.
 27536 | Gauntlet | Entered a Gauntlet
 27536 | Gauntlet | Found a transporter.
 27536 | Gauntlet | Found a transporter.
 27536 | Gauntlet | Found a transporter.
 27540 | Gauntlet | Found a transporter.
 27552 | Gauntlet | Found a transporter.
 27620 | Gauntlet | Found a transporter.
 27622 | Gauntlet | Found a large runed translucent door.
 27623 | Gauntlet | Found a large runed translucent door.
 27624 | Gauntlet | Found a large runed translucent door.
 27624 | Gauntlet | Found a large runed translucent door.
 27624 | Gauntlet | Found a runed translucent door.
 27625 | Gauntlet | Found a large runed translucent door.
 27626 | Gauntlet | Found a large runed translucent door.
 27627 | Gauntlet | Found a large runed translucent door.
 27627 | Gauntlet | Found a large runed translucent door.
 27628 | Gauntlet | Found a runed translucent gate.
 27628 | Gauntlet | Found a runed translucent gate.
 27630 | Gauntlet | Found a transporter.
 27638 | Gauntlet | Found a runed translucent gate.
 27638 | Gauntlet | Found a runed translucent door.
 27639 | Gauntlet | Found a large runed translucent door.
 27639 | Gauntlet | Found a large runed translucent door.
 27640 | Gauntlet | Found a large runed translucent door.
 27641 | Gauntlet | Found a large runed translucent door.
 27645 | Gauntlet | Found a transporter.
 27655 | Gauntlet | Found a transporter.
 27670 | Gauntlet | Found a transporter.
 27676 | Gauntlet | Found a transporter.
 27697 | Gauntlet | Found a transporter.
 27708 | Gauntlet | Found a large runed translucent door.
 27709 | Gauntlet | Found a large runed translucent door.
 27710 | Gauntlet | Found a large runed translucent door.
 27710 | Gauntlet | Found a large runed translucent door.
 27752 | Gauntlet | Got an encrusted hat
 27753 | Gauntlet | Identified the Papyrus of Darkness and Conjuration
 27766 | Gauntlet | Identified the +3 hat of the Carpenter {Will- Str+2 Int+4}
                  | (You found it in a Gauntlet)
 27791 | Gauntlet | Got a pair of ancient gloves
 27808 | Gauntlet | Identified the +5 pair of gloves of the Crushed Emperors
                  | {rN+ Str+4} (You found it in a Gauntlet)
 27818 | Gauntlet | Identified the +2 plate armour of Impressiveness {rC- MP+9
                  | Dex+2 Slay+3}
 27820 | Gauntlet | Found the +3 robe of Clouds {+Thunder rCloud rElec}
 28250 | D:15     | Found a staircase to the Depths.
 28559 | Spider:1 | Entered Level 1 of the Spider Nest
 28603 | Spider:1 | Reached skill level 19 in Axes
 29599 | Spider:1 | Reached XP level 16. HP: 136/149 MP: 18/24
 29644 | Spider:2 | Reached skill level 10 in Armour
 29680 | Spider:2 | Noticed Arachne
 29690 | Spider:2 | Killed Arachne
 30485 | Spider:4 | Entered Level 4 of the Spider Nest
 30516 | Spider:4 | Reached skill level 20 in Axes
 30805 | Spider:4 | Reached XP level 17. HP: 159/159 MP: 26/26
 31233 | Spider:4 | Reached skill level 15 in Invocations
 31453 | Spider:4 | Got a gossamer rune of Zot
 31875 | Vaults:1 | Entered Level 1 of the Vaults
 32750 | Vaults:1 | Got a scintillating granite ring
 33038 | Vaults:2 | Reached skill level 1 in Crossbows
 33145 | Vaults:2 | Reached XP level 18. HP: 170/170 MP: 29/29
 33522 | Vaults:2 | Identified the ring of Yrhy {rPois rN+ Dex+7} (You found it
                  | on level 1 of the Vaults)
 33583 | Vaults:2 | Noticed Xtahua
 33593 | Vaults:2 | Killed Xtahua
 33798 | Vaults:2 | Paralysed by an ogre mage for 3 turns
 34284 | Vaults:3 | Paralysed by something for 4 turns
 34404 | Vaults:3 | Reached skill level 5 in Crossbows
 35050 | Orc:2    | Bought a transparent arbalest for 247 gold pieces
 35050 | Orc:2    | Identified the +3 arbalest "Ham Qoel" {vorpal, rElec} (You
                  | bought it in a shop on level 2 of the Orcish Mines)
 35839 | Vaults:3 | Found a staircase to the Crypt.
 36427 | Orc:2    | Bought a potion of heal wounds for 55 gold pieces
 36427 | Orc:2    | Bought 2 potions of curing for 66 gold pieces
 36427 | Orc:2    | Bought a potion of heal wounds for 55 gold pieces
 36427 | Orc:2    | Bought a potion of haste for 110 gold pieces
 36427 | Orc:2    | Bought a potion of curing for 33 gold pieces
 36427 | Orc:2    | Bought 2 potions of curing for 66 gold pieces
 36427 | Orc:2    | Bought a potion of curing for 33 gold pieces
 36427 | Orc:2    | Bought a potion of curing for 33 gold pieces
 36427 | Orc:2    | Bought a potion of heal wounds for 55 gold pieces
 36944 | Vaults:4 | Identified the Volume of Congealing Darkness
 36965 | Vaults:4 | Reached skill level 10 in Transmutations
 36990 | Vaults:4 | Reached XP level 19. HP: 179/179 MP: 30/30
 37161 | Vaults:4 | Got a pair of shimmering boots
 37235 | Vaults:4 | Identified the +0 pair of boots "Qelupt" {Int-4 Dex+3} (You
                  | found it on level 4 of the Vaults)
 38025 | Vaults:5 | Entered Level 5 of the Vaults
 38138 | Crypt:1  | Entered Level 1 of the Crypt
 38798 | Shoals:1 | Entered Level 1 of the Shoals
 39111 | Shoals:1 | Found a runed translucent gate.
 39113 | Shoals:1 | Found a runed translucent gate.
 39114 | Shoals:1 | Found a runed translucent gate.
 39115 | Shoals:1 | Noticed TimeIsEndless's ghost (journeyman DDFi)
 39654 | Shoals:1 | Killed TimeIsEndless's ghost
 40046 | Shoals:2 | Noticed Polyphemus
 40069 | Shoals:2 | Killed Polyphemus
 40235 | Shoals:2 | Noticed Ilsuiw
 40288 | Shoals:2 | Killed Ilsuiw
 40809 | Shoals:3 | Reached XP level 20. HP: 191/191 MP: 31/31
 40994 | Shoals:3 | Noticed Kirke
 41042 | Shoals:3 | Killed Kirke
 41742 | Shoals:4 | Entered Level 4 of the Shoals
 41752 | Shoals:4 | Noticed Donald
 41766 | Shoals:4 | Killed Donald
 42789 | Shoals:4 | Found the +9 staff of Wucad Mu {*channel}
 43028 | Shoals:4 | Got a barnacled rune of Zot
 43453 | Shoals:3 | Identified a scroll of acquirement
 43454 | Shoals:3 | Acquired a +6 executioner's axe of freezing
 43776 | Depths:1 | Entered Level 1 of the Depths
 43789 | Depths:1 | Reached skill level 10 in Crossbows
 43829 | Depths:1 | Reached XP level 21. HP: 177/200 MP: 25/33
 44040 | Depths:1 | Found a gateway to Hell.
 44663 | Elf:1    | Entered Level 1 of the Elven Halls
 44834 | Elf:1    | Reached skill level 15 in Dodging
 45375 | Elf:1    | Found Dilidgh's Armour Boutique.
 45677 | Elf:2    | Got a warped plate armour
 45678 | Elf:2    | Identified the +1 plate armour of Tismuo {Stlth+} (You
                  | found it on level 2 of the Elven Halls)
 45748 | Elf:2    | Reached skill level 15 in Armour
 45967 | Elf:2    | Found a huge runed translucent gate.
 45967 | Elf:2    | Found a huge runed translucent gate.
 45969 | Elf:2    | Found a huge runed translucent gate.
 45970 | Elf:2    | Found a huge runed translucent gate.
 45972 | Elf:2    | Found a huge runed translucent gate.
 46719 | Elf:3    | Entered Level 3 of the Elven Halls
 47037 | Elf:3    | Found a shimmering blue altar of Sif Muna.
 47253 | Elf:3    | Reached skill level 21 in Axes
 47277 | Elf:3    | Found a runed translucent door.
 47277 | Elf:3    | Found a shimmering altar of Xom.
 47277 | Elf:3    | Identified the +9 quarterstaff "Kasse" {chaos, +Blink rN+}
 47278 | Elf:3    | Noticed Duemakk's ghost (adept GrEE)
 47345 | Elf:3    | Reached XP level 22. HP: 210/210 MP: 34/34
 47550 | Elf:3    | Identified the amulet "Gycup" {RegenMP rPois rN+ Dex+5}
 47625 | Elf:3    | Found the ring of the Hare {EV+8}
 47638 | Elf:3    | Found the amulet of the Air {Inacc +Fly rElec EV+5 RMsl}
 48733 | Depths:2 | Paralysed by a floating eye for 4 turns
 49909 | Depths:3 | Reached XP level 23. HP: 171/218 MP: 25/35
 50123 | Depths:3 | Reached skill level 15 in Crossbows
 50151 | Depths:3 | Found a gateway to a ziggurat.
 50291 | Depths:3 | Found a one-way gate leading to the halls of Pandemonium.
 50654 | Depths:4 | Noticed Mara
 50666 | Depths:4 | Noticed CryoSword's illusion
 50671 | Depths:4 | Killed Mara
 50961 | Depths:4 | Found a one-way gate to the infinite horrors of the Abyss.
 51773 | Depths:4 | Noticed a dread lich
 51784 | Depths:4 | Paralysed by something for 3 turns
 51788 | Depths:4 | Killed a dread lich
 51789 | Depths:4 | Reached skill level 22 in Axes
 52809 | Depths:3 | Got a crude triple crossbow
 52810 | Depths:3 | Identified the +6 triple crossbow "Ypantoys" {flame, rF+
                  | Str+3 SInv} (You found it on level 3 of the Depths)
 52859 | Depths:5 | Entered Level 5 of the Depths
 52908 | Depths:5 | Identified the ring "Secusiaz" {rC+ rN+ Str+4}
 53028 | Depths:5 | Found a gate to the Realm of Zot.
 53134 | Depths:5 | Identified the ring "Butung" {Str+4 Int+3 Dex+6}
 53192 | Depths:5 | Paralysed by a floating eye for 4 turns
 53240 | Depths:5 | Reached XP level 24. HP: 205/228 MP: 34/35
 53273 | Depths:5 | Identified the ring "Leimoix" {+Fly Str+7}
 53712 | Depths:5 | Found a transporter.
 53733 | Depths:5 | Noticed a juggernaut
 53746 | Depths:5 | Killed a juggernaut
 53770 | Depths:5 | Found Fiah's Magic Scroll Boutique.
 53779 | Depths:5 | Bought a scroll of teleportation for 57 gold pieces
 53779 | Depths:5 | Bought a scroll of enchant weapon for 142 gold pieces
 53779 | Depths:5 | Bought a scroll of enchant weapon for 142 gold pieces
 53779 | Depths:5 | Bought 3 scrolls of magic mapping for 199 gold pieces
 53779 | Depths:5 | Bought a scroll of enchant weapon for 142 gold pieces
 53779 | Depths:5 | Bought a scroll of identify for 38 gold pieces
 53799 | Depths:5 | Noticed a juggernaut
 53818 | Depths:5 | Killed a juggernaut
 54041 | Depths:5 | Found Ulavur's Antique Armour Shoppe.
 54041 | Depths:5 | Found a transporter.
 54052 | Depths:5 | Bought a blackened plate armour for 924 gold pieces
 54053 | Depths:5 | Identified the +5 plate armour of Gehenna {*Contam rF+ rC+}
                  | (You bought it in a shop on level 5 of the Depths)
 55789 | Crypt:2  | Noticed a royal mummy
 55792 | Crypt:2  | Identified the +8 double sword "Grim" {antimagic, rPois
                  | Str+5 Dex+3}
 55792 | Crypt:2  | Noticed a royal mummy
 55803 | Crypt:2  | HP: 6/346 [death scarab[a royal mummy] (15)]
 55804 | Crypt:2  | Slain by an emperor scorpion

Illustrated notes

Levels and vault maps discovered:
D:1:      erik_arrival_orb_chamber, layout_basic
D:2:      layout_basic
D:3:      cheibrodos_pilgrimage, layout_basic
D:4:      layout_gridville, cheibrodos_ashenzari_chains
D:5:      layout_loops_ring, nicolae_tso_carved_into_rock
D:6:      layout_rooms, minmay_temple_entry_statues, basic_altar,
          ebering_ghost_sewer_d, nicolae_ossuary_entry_false_entrances,
          uniq_duvessa
D:7:      layout_loops_ring
D:8:      minmay_curly_fans, layout_loops_cross, gammafunk_temple_overflow_claw,
          serial_shops, kennysheep_mini_moat, uniq_pikel
D:9:      layout_irregular_city, david_orc_2, kennysheep_cluttered_room,
          kennysheep_generic_room_14
D:10:     layout_basic, david_lair_shrubbed, grunt_ogre_cave, uniq_urug
D:11:     layout_basic, basic_altar
D:12:     gammafunk_worm_tunnel, layout_stronghold, serial_shops,
          nicolae_shop_competitors_out_of_business, enter_trove_0,
          minmay_beelzebubs_servants
D:13:     minmay_glassy_protrusions, layout_cave_pods,
          grunt_vaults_entry_fortified, minmay_circle_x
D:14:     layout_small_grid, skrybe_limestone_x
D:15:     grunt_enter_depths_magical_seal, layout_long_grid,
          nicolae_dithmenos_shadow_blocks, gauntlet_entry_generic,
          uniq_josephine
Temple:   hc_temple_tempest_star
Lair:1:   layout_cave_pods
Lair:2:   layout_misc_corridors, spider_nest_entry_funnel_web,
          minmay_lair_oklob_chamber, grunt_megastairs_3
Lair:3:   layout_regular_city, elwin_shoals_entry_rooms, gammafunk_ghost_arena,
          nicolae_volcano_entry_lava_flow
Lair:4:   layout_cellular_growth, portal_ice_cave_entry_imps,
          lemuel_fruit_fields, grunt_megastairs_2, serial_bayou_shore_b
Lair:5:   layout_roguey, serial_rivers, chequers_serial_rivers_micro_a,
          chequers_serial_rivers_micro_e, chequers_serial_rivers_room_b,
          chequers_serial_rivers_marsh, chequers_serial_rivers_micro_a,
          chequers_serial_rivers_small_a, kennysheep_snail_temple
Lair:6:   hangedman_lair_in_review, layout_cellular_growth, slime_altar_2,
          gammafunk_ghost_wrathful_warriors, serial_bayou_shore_a,
          infiniplex_staircase_pool_2, lemuel_fruit_fields
Shoals:1: layout_shoals, ebering_ghost_rock_garden
Shoals:2: layout_shoals, uniq_ilsuiw, uniq_polyphemus
Shoals:3: layout_shoals, abandoned_shop, nicolae_shoals_flooded_hall, uniq_kirke
Shoals:4: shoals_end_hangedman, layout_shoals, abandoned_shop, uniq_donald
Spider:1: layout_chambers
Spider:2: layout_spider_delve, uniq_arachne
Spider:3: layout_spider_delve
Spider:4: guppyfry_spider_rune
Orc:1:    layout_caves
Orc:2:    grunt_orc_community_town_hall, layout_caves,
          grunt_orc_community_big_house_1, grunt_orc_community_big_house_2,
          grunt_orc_community_house_3, grunt_orc_community_house_3,
          grunt_orc_community_house_2, grunt_orc_community_house_3,
          grunt_orc_community_house_1, serial_shops, nicolae_shop_crystal,
          nicolae_shop_crystal, shop, shop, nicolae_shop_crystal,
          david_defended_altar_orc
Elf:1:    eino_elf_arrival_customs, layout_gridlike, serial_shops,
          nicolae_shop_stone, special_room [special_room_mythical_zoo],
          hangedman_elf_disciples
Elf:2:    layout_geoelf_octagon, drop_trap, guppyfry_elf_castle
Elf:3:    minmay_elf_hall_dome, layout_loops_corners, basic_altar,
          ebering_ghost_xom
Vaults:1: v_misc_5, vaults_room_ringed_pool, v_misc_3, st_cells,
          nicolae_vaults_angled_halls, hangedman_vaults_slice,
          hangedman_vaults_trim, nicolae_vaults_little_squares_4, v_misc_18,
          hangedman_vaults_slither, nicolae_vaults_big_angled_halls,
          ontoclasm_vaults_fault, v_misc_8, vaults_dpeg_cross, vaults_dpeg_ring,
          nicolae_vaults_theta, layout_vaults_maze
Vaults:2: hangedman_vaults_stitches, nicolae_vaults_statue_guard, v_misc_1,
          dpeg_vaults_monster_box, v_misc_2, nicolae_vaults_little_squares_3,
          v_misc_12, hangedman_vaults_stretched_pinwheel,
          nicolae_vaults_ring_of_whatevers, hangedman_vaults_trim,
          vaults_room_pool, vaults_room_pools, nicolae_vaults_little_squares_2,
          nicolae_vaults_little_squares_2, layout_vaults_ring, uniq_xtahua
Vaults:3: hangedman_vaults_snaps, minmay_crypt_entry_simple_statues,
          v_pattern_2, v_misc_16, ontoclasm_vaults_shuriken, vaults_room_pools,
          nicolae_vaults_back_hallway, ontoclasm_vaults_gallery,
          ontoclasm_vaults_loading_screen, layout_vaults_omnigrid
Vaults:4: ontoclasm_vaults_loading_screen, nicolae_vaults_little_squares_3,
          vaults_room_corners, hangedman_vaults_corner_blocks, v_misc_15,
          nicolae_vaults_quartermaster, vaults_mumra_hexcomb,
          layout_vaults_big_room
Vaults:5
Crypt:1:  layout_catacombs, moated_statue
Crypt:2:  minmay_guarded_unrand_sceptre_of_torment, layout_gridlike,
          ebering_ghost_disaster_area, minmay_misc_feat_columns,
          amcnicky_mini_pool_small
Depths:1: layout_cave_pools, fountainhead, hell_entry, minmay_room_of_horrors,
          kennysheep_potato
Depths:2: kennysheep_windowed_halls, layout_basic, pf_hell_entry_tar_river,
          chequers_serial_rivers_room_a, minmay_librarian
Depths:3: minmay_expanding_squares, layout_basic, enter_ziggurat_f,
          rand_demon_pan_entry_7, corexii_leaking_fountain, hellmouth_3,
          hangedman_decor_peaks_small, lightli_fourway_metalbox,
          minmay_staircase_statues_hall_small
Depths:4: cheibrodos_cascadia, layout_long_grid, grunt_hell_entry_dis_old,
          abyss_entry, chequers_jeans, hangedman_decor_diamond_cutter,
          minmay_liquid_box, minmay_gold_behind_fungi,
          infiniplex_staircase_pillars_3a, uniq_mara
Depths:5: hangedman_spin_cycle, hell_entry, abyss_entry

Skill      XL: |  1  2  3  4  5  6  7  8  9 10 11 12 13 14 15 16 17 18 19 20 21 22 23 24 |
---------------+-------------------------------------------------------------------------+-----
Axes           | 4 5 6 7 8 11 12 13 14 15 16 18 19 20 21 22 | 22.7
Fighting       | 4 5 6 8 9 10 11 12 13 14 15 16 17 18 19 20 21 | 21.9
Dodging        | 4 5 7 8 9 10 11 12 13 14 15 16 17 | 17.5
Invocations    | 4 8 10 11 12 13 14 16 17 18 19 | 19.9
Armour         | 2 5 8 9 10 11 13 14 15 16 17 | 17.7
Transmutations | 2 4 6 7 9 10 | 10.0
Crossbows      | 1 5 8 10 12 14 16 17 | 17.3
Stealth        | |  1.5

Action                   |  1- 3 |  4- 6 |  7- 9 | 10-12 | 13-15 | 16-18 | 19-21 | 22-24 || total
-------------------------+-------+-------+-------+-------+-------+-------+-------+-------++-------
Melee: Hand axe          |    26 |       |       |       |       |       |       |       ||    26
       Headbutt          |    13 |     8 |    60 |   158 |   260 |   243 |   373 |   450 ||  1565
       Dagger            |    79 |   146 |   245 |   318 |       |       |       |       ||   788
       Battleaxe         |       |       |       |   235 |   905 |   754 |  1106 |  1051 ||  4051
       Executioner's axe |       |       |       |       |       |       |       |   166 ||   166
 Fire: Arbalest          |       |       |       |       |       |     7 |     4 |       ||    11
Throw: Dart              |       |       |     2 |       |       |       |       |       ||     2
       Boomerang         |       |       |       |       |       |       |    13 |       ||    13
 Cast: Wereblood         |       |       |       |       |       |    13 |    29 |    37 ||    79
Invok: Upheaval          |       |       |       |     5 |     4 |       |       |     2 ||    11
       Elemental Force   |       |       |       |       |     1 |       |       |     1 ||     2
       Disaster Area     |       |       |       |       |     6 |     1 |     2 |     1 ||    10
  Use: Scroll            |     7 |       |     8 |     7 |    23 |     6 |    11 |     7 ||    69
       Potion            |       |       |     1 |     4 |     4 |     2 |     1 |     4 ||    16
 Stab: Sleeping          |     6 |     1 |       |       |       |       |       |       ||     7
       Distracted        |       |       |       |     1 |     1 |       |       |     1 ||     3
       Held in net/web   |       |       |       |       |       |     2 |       |       ||     2
       Petrified         |       |       |       |       |       |       |    17 |       ||    17
       Petrifying        |       |       |       |       |       |       |     5 |       ||     5
Armor: Robe              |    10 |    14 |       |       |       |       |       |       ||    24
       Ring mail         |       |    17 |    61 |    57 |       |       |       |       ||   135
       Troll leather arm |       |       |       |     4 |   240 |   338 |     4 |       ||   586
       Plate armour      |       |       |       |       |       |       |   390 |   263 ||   653
       Skin              |       |       |       |       |       |       |       |    39 ||    39
Dodge: Dodged            |    77 |    80 |   167 |   351 |   614 |   680 |  1156 |  1000 ||  4125
       Repelled          |       |       |       |     5 |    28 |     9 |    23 |    21 ||    86
Block: Other             |       |    16 |    67 |   274 |   251 |   259 |   396 |   320 ||  1583
       Reflection        |       |       |       |    11 |       |       |       |       ||    11

Table legend: (Time is in decaauts)
 A = Elapsed time spent in this place.
 B = Non-inter-level travel time spent in this place.
 C = Inter-level travel time spent in this place.
 D = Time resting spent in this place.
 E = Time spent auto-exploring this place.
 F = Levels seen in this place.
 G = Mean time per level.
                   A        B        C        D        E       F      G
               +--------+--------+--------+--------+--------+-----+--------+
         Total |  55011 |  47161 |   7850 |   5588 |  30738 |  51 | 1078.6 |
       Dungeon |  21838 |  17773 |   4065 |   4227 |  10439 |  15 | 1455.9 |
        Temple |     24 |     13 |     11 |      0 |      4 |   1 |   24.0 |
          Lair |   6908 |   5675 |   1233 |    113 |   4511 |   6 | 1151.3 |
        Shoals |   4349 |   3991 |    358 |    259 |   2642 |   4 | 1087.2 |
   Spider Nest |   3091 |   2885 |    206 |    333 |   1972 |   4 |  772.8 |
  Orcish Mines |   1752 |   1415 |    337 |    100 |    972 |   2 |  876.0 |
   Elven Halls |   3285 |   3113 |    172 |      0 |   2282 |   3 | 1095.0 |
        Vaults |   5469 |   4522 |    947 |    334 |   2877 |   5 | 1093.8 |
         Crypt |   1300 |   1236 |     64 |      0 |    948 |   2 |  650.0 |
        Depths |   5804 |   5350 |    454 |    215 |   3445 |   5 | 1160.8 |
       Ossuary |    231 |    231 |      0 |      0 |    124 |   1 |  231.0 |
      Ice Cave |    361 |    361 |      0 |      7 |    127 |   1 |  361.0 |
       Volcano |    277 |    277 |      0 |      0 |    208 |   1 |  277.0 |
      Gauntlet |    318 |    318 |      0 |      0 |    184 |   1 |  318.0 |
               +--------+--------+--------+--------+--------+-----+--------+

Top non-repeatable levels by time:
    D:13: 2578 daAuts
    D:10: 2098 daAuts
Vaults:3: 1930 daAuts
    D:12: 1822 daAuts
    D:11: 1705 daAuts
     D:2: 1677 daAuts
     D:8: 1650 daAuts
  Lair:6: 1581 daAuts
     D:3: 1495 daAuts
Depths:4: 1455 daAuts
     D:6: 1420 daAuts
     D:9: 1417 daAuts
   Orc:2: 1341 daAuts
Depths:2: 1333 daAuts
Shoals:4: 1325 daAuts
